[Event "*** Titled Tuesday Blitz"]
[Site "Chess.com"]
[Date "2021.02.09"]
[Round "9"]
[White "Iskusnyh"]
[Black "PowerThinking2650"]
[Result "1-0"]
[WhiteElo "2591"]
[BlackElo "2404"]
[TimeControl "180+1"]
[EndTime "11:45:50 PST"]
[Termination "Iskusnyh won on time"]

1. d4 Nf6 2. c4 g6 3. g3 Bg7 4. Bg2 O-O 5. Nc3 d6 6. Nf3 Nbd7 7. O-O e5 8. e4 exd4 9. Nxd4 Re8 10. h3 a6 11. Be3 Rb8 12. Rc1 c5 13. Nde2 Ne5 14. b3 b5 15. f4 Ned7 16. Qxd6 b4 17. e5 bxc3 18. Nxc3 Nh5 19. g4 Ng3 20. Rf3 Nxe5 21. fxe5 Bxe5 22. Qxd8 Rxd8 23. Bf2 Bxc3 24. Bxg3 Bd4+ 25.
Kh2 Rb6 26. Re1 Be6 27. Bc7 Rbd6 28. Rff1 Kg7 29. Bf3 R6d7 30. Bxd8 Rxd8 31. Kg2 a5 32.
Bc6 Rd6 33. Bb5 h6 34. Re2 Bc3 35. Rff2 Bd4 36. Rf3 Bc8 37. Rf1 Bb7+ 38. Kh2 Bf6 39. Be8 Ba8 40. Rff2 Rd8 41. Bb5 Rd3 42. Rf1 Bb7 43.
Be8 Rd6 44. Kg1 Bc8 45. Bb5 Bb7 46. Be8 Bd4+ 47. Kh2 Bf6 48. Ba4 Bc8 49. Bb5 Be6 50. Be8 Rd4 51. Bc6 Be7 52. Bg2 Bd6+ 53. Kh1 Rd3 54. Ref2 Be5 55. Bd5 Bd4 56. Bxe6 Bxf2 57. Bxf7 1-0

[Event "*** Titled Tuesday Blitz"]
[Site "Chess.com"]
[Date "2021.02.09"]
[Round "9"]
[White "Happy1712Drummer"]
[Black "rogapa"]
[Result "1/2-1/2"]
[WhiteElo "2418"]
[BlackElo "2717"]
[TimeControl "180+1"]
[EndTime "11:45:52 PST"]
[Termination "Game drawn by stalemate"]

1. Nf3 d5 2. e3 e6 3. c4 Nf6 4. d4 Be7 5. Nc3 O-O 6. b3 dxc4 7. bxc4 c5 8. d5 exd5 9. cxd5 Bg4 10. Be2 Bd6 11. h3 Bh5 12. Qb3 Nbd7 13. O-O Ne5 14. g4 Bg6 15. Nd2 Nd3 16. f4 Qe7 17. Nc4 Nxc1 18. Raxc1 h6 19. Nxd6 Qxd6 20. Qxb7 Rfe8 21. Qc6 Qe7 22. Rf3 Rac8 23. Qa6 Be4 24. Nxe4 Nxe4 25. Bd3 Nd2 26. Rg3 c4 27. Bc2 c3 28. e4 Qc5+ 29. Kg2 Nxe4 30. Bxe4 Rxe4 31. Rgxc3 Qxc3 32. Qxc8+ Qxc8 33. Rxc8+ Kh7 34. Rc7 Rxf4 35. Rxa7 f5 36. gxf5 Rxf5 37. d6 Rd5 38. d7 Kg6 39. Kf3 Kf6 40.
Ke4 Rd1 41. a4 g5 42. a5 Ke7 43. Kf5 Rd3 44. Kg4 Rd4+ 45. Kg3 h5 46. a6 Rd3+ 47. Kg2 Rd2+ 48. Kg3 Rd3+ 49. Kg2 h4 50. d8=Q+ Kxd8 51. Rg7 Rg3+ 52. Kh2 Ra3 53. a7 Kc8 54. Rxg5 Rxa7 55. Rg8+ Kb7 56. Rg7+ Kb6 57. Rxa7 Kxa7 58. Kg2 Kb6 59. Kf3 Kc7 60. Kg4 Kd7 61.
Kxh4 Ke7 62. Kg5 Kf8 63. Kh6 Kg8 64. h4 Kh8 65. h5 Kg8 66. Kg6 Kh8 67. h6 Kg8 68.
h7+ Kh8 69. Kh6 1/2-1/2

[Event "*** Titled Tuesday Blitz"]
[Site "Chess.com"]
[Date "2021.02.09"]
[Round "9"]
[White "esapunov"]
[Black "hansen"]
[Result "0-1"]
[WhiteElo "2730"]
[BlackElo "2950"]
[TimeControl "180+1"]
[EndTime "11:45:54 PST"]
[Termination "hansen won by resignation"]

1. c4 e5 2. Nf3 Nc6 3. Nc3 Nf6 4.
e3 Bb4 5. Qc2 Bxc3 6. Qxc3 Qe7 7.
a3 O-O 8. d3 d5 9. cxd5 Nxd5 10.
Qb3 Rd8 11. Be2 a5 12. Qc2 a4 13. Bd2 Be6 14. Rc1 Nf6 15. O-O Bb3 16. Qb1 e4 17.
dxe4 Nxe4 18. Bc3 Rd5 19. Bd1 Rad8 20. Bxb3 axb3 21. h3 h5 22. Rfe1 Qe6 23. Bb4 Ng5 24. Nxg5 Rxg5 25. f4 Rg3 26. Kf2 h4 27. Bc3 Re8 28. Qd3 Ne7 29. Rcd1 Nf5 30. Bd4 Qg6 31. Qf1 Rxh3 32. gxh3 Qg3+ 33. Ke2 Nxe3 34. Qg1 Nxd1+ 35. Kd2 Rd8 36. Rxd1 c5 37. Qxg3 hxg3 38. Ke2 Rxd4 39. Rg1 Rxf4 40. Rxg3 c4 41. Rg5 Re4+ 42. Kd2 Rd4+ 43.
Ke2 c3 44. bxc3 Rc4 45. Rb5 Rxc3 46. Rxb7 Rxh3 47. a4 Rh2+ 48. Kd3 Ra2 49. Rb4 g5 50. Kc3 Kg7 51. Kxb3 Ra1 52. Kb2 Rd1 53. a5 Rd7 54. a6 Ra7 55. Ra4 Kg6 56. Kc3 Kh5 57. Kd4 f5 58.
Ke5 f4 59. Kf5 Kh4 60. Ra1 f3 61. Ke4 g4 62. Kf4 Rf7+ 63. Ke3 f2 64. a7 Rxa7 65. Rh1+ Kg3 66. Rf1 Re7+ 67. Kd2 Kg2 0-1

[Event "*** Titled Tuesday Blitz"]
[Site "Chess.com"]
[Date "2021.02.09"]
[Round "9"]
[White "pavelalexandru07"]
[Black "djano"]
[Result "0-1"]
[WhiteElo "2351"]
[BlackElo "2478"]
[TimeControl "180+1"]
[EndTime "11:45:54 PST"]
[Termination "djano won by checkmate"]

1. e4 c5 2. Nf3 Nc6 3. d4 cxd4 4. Nxd4 g6 5. c4 Bg7 6. Be3 Nf6 7. Nc3 Ng4 8. Qxg4 Nxd4 9. Qd1 e5 10. Nd5 d6 11.
Bd3 O-O 12. O-O Be6 13. Rc1 Rc8 14. b4 Kh8 15. a3 f5 16. f3 Qh4 17. Bf2 Qg5 18.
Bxd4 exd4 19. f4 Qd8 20. Qe2 Qd7 21. g3 fxe4 22. Bxe4 Rce8 23. Qd3 Bh3 24. Rfe1 b6 25. Bf3 Bf5 26. Be4 Be6 27. Bf3 Qf7 28. a4 g5 29. Rf1 g4 30. Be4 Qh5 31. Rfe1 Bd7 32. Ra1 Re6 33. a5 Rfe8 34. Ra2 Bc6 35. axb6 axb6 36. Rae2 Qf7 37. Bg2 Rxe2 38. Rxe2 b5 39.
cxb5 Rxe2 40. Qxe2 Bxd5 41. Bxd5 Qg6 42. Be4 Qe6 43.
Qd3 d5 44. Bg2 Qe1+ 45. Bf1 Qxb4 46. Qf5 h6 47. Qxd5 d3 48. Qxd3 Qc5+ 49. Kh1 Bd4 50. Bg2 Qc1+ 51. Qf1 Qb2 52. Qd1 Kg7 53. Be4 h5 54. h3 h4 55. hxg4 hxg3 56. Qf3 Qh2# 0-1

[Event "*** Titled Tuesday Blitz"]
[Site "Chess.com"]
[Date "2021.02.09"]
[Round "9"]
[White "rpragchess"]
[Black "BilodeauA"]
[Result "0-1"]
[WhiteElo "2867"]
[BlackElo "2912"]
[TimeControl "180+1"]
[EndTime "11:45:58 PST"]
[Termination "BilodeauA won by resignation"]

1. Nc3 e5 2. Nf3 Nc6 3. g3 d5 4. d3 Nf6 5. Bg2 d4 6. Nb1 Bc5 7. Bg5 h6 8. Bxf6 Qxf6 9. O-O O-O 10. c3 Re8 11. Nfd2 Bb6 12. Na3 Bg4 13. Nac4 Rad8 14. h3 Bh5 15. g4 Bg6 16. a4 a6 17. Nxb6 cxb6 18. Qb3 Na5 19. Qa3 h5 20. gxh5 Bxh5 21. Ne4 Qh6 22. Ng3 Bg6 23. b4 Nc6 24. b5 axb5 25.
axb5 Ne7 26. Qc1 Qh4 27. c4 Nf5 28. Ne4 Nh6 29. Qg5 Qf4 30. h4 Nf5 31. Ra7 Nxh4 32. Qxf4 exf4 33. Rxb7 Nxg2 34. Rxb6 Bxe4 35. dxe4 f3 36.
exf3 Nf4 37. Kh2 d3 38. Rd1 d2 39. c5 Re5 40. Rd6 Rb8 41. c6 Rexb5 42. c7 Rf8 43. Rd8 Rc5 44. R1xd2 Rxc7 45. Rxf8+ Kxf8 46. Kg3 Ne6 47.
Ra2 g6 48. f4 Rc3+ 49. Kg4 Rc4 50. f3 Nd4 51. Ra6 Kg7 52. Rd6 Ra4 53. Rd5 Nc2 54. Kg3 Nd4 55. f5 gxf5 56. exf5 Nc6 57. Rd6 Ne5 58. f4 Nc4 59. Rd3 Ra3 60. Rxa3 Nxa3 61.
Kf3 Kf6 62. Ke4 Nb5 63. Kd5 Kxf5 64. Kc5 Nc7 65. Kd6 Ne6 66. Ke7 f6 67. Kf7 Nxf4 0-1

[Event "*** Titled Tuesday Blitz"]
[Site "Chess.com"]
[Date "2021.02.09"]
[Round "9"]
[White "Beca95"]
[Black "Supernotar"]
[Result "1-0"]
[WhiteElo "2915"]
[BlackElo "2810"]
[TimeControl "180+1"]
[EndTime "11:45:58 PST"]
[Termination "Beca95 won on time"]

1. d4 d5 2. c4 dxc4 3. Nf3 Nf6 4.
e3 e6 5. Bxc4 a6 6. a4 c5 7. O-O Nc6 8. Qe2 cxd4 9. Rd1 Be7 10.
exd4 O-O 11. Nc3 Nb4 12. Ne5 Bd7 13. h4 Bc6 14. Bg5 Bd5 15. Nxd5 Nfxd5 16. Nf3 h6 17.
Bxe7 Qxe7 18. Rac1 Rfd8 19. g3 Rac8 20. Kg2 Qf6 21. Qe5 Qe7 22. Qe2 Qf6 23. Ne5 Nb6 24. Bb3 N6d5 25. Qf3 Qxf3+ 26. Kxf3 Kf8 27. Rc5 b6 28.
Rcc1 f6 29. Nc4 Ke7 30. Ne3 Kd6 31. Nc4+ Ke7 32. h5 Rc6 33. Ne3 Rdc8 34. Rxc6 Rxc6 35. Nc4 Kd7 36. Rd2 Rc7 37. Ke4 Nc6 38. Ne3 Kd6 39.
Bxd5 exd5+ 40. Kf4 Ne7 41. Nf5+ Nxf5 42. Kxf5 Ke7 43.
Kg6 Kf8 44. Re2 Rc4 45. Re6 Rxd4 46. Rxb6 Rg4+ 47. Kf5 Rxa4 48. f4 Kg8 49. Kg6 Kf8 50.
Rb8+ Ke7 51. Kxg7 d4 52. Rb3 Ke6 53. Kxh6 Kf5 54. Kg7 Rc4 55. Rb7 Ke4 56. Re7+ Kf3 57. h6 d3 58. h7 d2 59. Rd7 Rc7 60. Rxc7 d1=Q 61. h8=Q Qd6 62. Qh5+ Ke3 63. Qc5+ 1-0

[Event "*** Titled Tuesday Blitz"]
[Site "Chess.com"]
[Date "2021.02.09"]
[Round "9"]
[White "Ajedrez_con_German"]
[Black "ZivkovicN"]
[Result "1-0"]
[WhiteElo "2595"]
[BlackElo "2467"]
[TimeControl "180+1"]
[EndTime "11:46:04 PST"]
[Termination "Ajedrez_con_German won by resignation"]

1. c4 Nf6 2. g3 e6 3. Bg2 d5 4. d4 Be7 5. Nf3 O-O 6. O-O c6 7. Qc2 b6 8. Nc3 Bb7 9. cxd5 cxd5 10. Bf4 Nc6 11. Rfd1 Nh5 12. Be3 Nf6 13. Bf4 Nh5 14. Be3 Rc8 15. Rac1 Nf6 16. Bf4 Na5 17. Ne5 Nc4 18.
Nxc4 Rxc4 19. Bg5 Qd7 20. e3 Rfc8 21. Bf1 R4c7 22. Qb3 Bc6 23. Bf4 Bd6 24. Ba6 Rd8 25.
Bxd6 Qxd6 26. Nb5 Bxb5 27. Bxb5 Rdc8 28. Rxc7 Rxc7 29. Bd3 Qc6 30. Rd2 Qc1+ 31. Qd1 Qxd1+ 32. Rxd1 Ne8 33. Kf1 Nd6 34. Ke2 f5 35. f3 Kf7 36.
b3 Kf6 37. Kd2 g5 38. g4 h5 39. gxf5 exf5 40. h3 g4 41. fxg4 fxg4 42. hxg4 hxg4 43.
Rf1+ Kg5 44. Rf8 Rg7 45. Rd8 Ne4+ 46. Bxe4 dxe4 47. Ke2 g3 48. Re8 Rf7 49. Rxe4 g2 50.
Re8 Kh4 51. Rh8+ Kg3 52. Rg8+ Kh3 53. Kd3 Rf1 54. d5 g1=Q 55. Rxg1 Rxg1 56. Ke4 Kg4 57. Ke5 Kg5 58. e4 Rd1 59. d6 Rd2 60.
Ke6 Kf4 61. e5 Rd5 62. d7 Rxe5+ 63. Kd6 Re4 64. d8=Q Rd4+ 65. Kc7 Rxd8 66. Kxd8 Ke3 67. Kc7 Kd2 68. Kb7 Kc3 69. Kxa7 Kb2 70. Kxb6 Kxa2 71. b4 Kb3 72. b5 Kb4 1-0

[Event "*** Titled Tuesday Blitz"]
[Site "Chess.com"]
[Date "2021.02.09"]
[Round "9"]
[White "Chuchofrio1"]
[Black "NikolaMa2000"]
[Result "1-0"]
[WhiteElo "2307"]
[BlackElo "1877"]
[TimeControl "180+1"]
[EndTime "11:46:04 PST"]
[Termination "Chuchofrio1 won on time"]

1. e4 e6 2. d4 d5 3. Nc3 Nf6 4. Bg5 dxe4 5. Nxe4 Be7 6. Nxf6+ Bxf6 7. Bxf6 Qxf6 8.
Bd3 c5 9. Nf3 Nc6 10. c3 cxd4 11. cxd4 O-O 12. O-O e5 13. dxe5 Nxe5 14. Nxe5 Qxe5 15. Re1 Qxb2 16. Rb1 Qf6 17. Qb3 b6 18. Be4 Rb8 19. Qa3 Bb7 20. Bxb7 Rxb7 21. Rbc1 g6 22.
Qa6 Rd7 23. h3 Rfd8 24. Re2 Rd1+ 25. Re1 R1d2 26. Re2 R8d7 27. h4 Kg7 28. h5 Qd4 29. Rce1 Rd1 30. Qc8 Rxe1+ 31. Rxe1 Qd2 32. Qe8 b5 33. g3 b4 34. Qe5+ f6 35. Qe8 Qd6 36. Re6 Rd8 37. Rxd6 Rxe8 38. hxg6 hxg6 39. Rd7+ Kh6 40.
Rxa7 Re1+ 41. Kg2 Rb1 42. Kf3 Kg5 43. Ra4 b3 44. axb3 Rxb3+ 45. Kg2 f5 46. Rd4 Rb5 47. Rd6 Rb2 48. Kf3 Rb3+ 49. Kg2 Rb2 50. Rc6 Rd2 51.
Rc4 Rb2 52. Rf4 Kf6 53. Ra4 Rb5 54. Kh3 g5 55. Ra6+ Ke5 56. Rg6 g4+ 57. Kg2 Ke4 58. Re6+ Kd4 59. Rf6 Kc4 60. Rc6+ Kd3 61. Rd6+ Kc4 62.
Rd1 Kc3 63. Kf1 Re5 64. Rd8 Kc2 65. f4 Kc3 66. fxe5 1-0

[Event "*** Titled Tuesday Blitz"]
[Site "Chess.com"]
[Date "2021.02.09"]
[Round "9"]
[White "Indianlad"]
[Black "Reader777"]
[Result "0-1"]
[WhiteElo "2904"]
[BlackElo "2832"]
[TimeControl "180+1"]
[EndTime "11:46:05 PST"]
[Termination "Reader777 won on time"]

1. e4 c5 2. Nc3 Nc6 3. Bb5 Nd4 4.
Nf3 a6 5. Bd3 Nc6 6. O-O g6 7.
Re1 Bg7 8. e5 f6 9. Be4 fxe5 10.
Bxc6 bxc6 11. Nxe5 Qc7 12. Qe2 d6 13. Nc4 Nf6 14.
d3 O-O 15. Bg5 Rf7 16. h3 Bd7 17. Bxf6 Bxf6 18. Ne4 Bg7 19. Ng5 Rf6 20. Qxe7 Re8 21. Qxe8+ Bxe8 22. Rxe8+ Rf8 23. Rae1 Qd7 24. R8e7 Qf5 25.
Rxg7+ Kxg7 26. Ne6+ Kh6 27. Nxf8 Qxf8 28. Re6 d5 29.
Ne5 Qf4 30. g3 Qc1+ 31. Kg2 Qxc2 32. Re7 g5 33. Re6+ Kg7 34. Rxc6 Qxb2 35. Rc7+ Kg8 36. Nd7 Qxa2 37. Nxc5 d4 38. Ne4 Qd5 39. Rc5 Qb7 40.
Rxg5+ Kf8 41. Rf5+ Ke7 42. g4 Qb6 43. Rh5 a5 44.
Rxh7+ Kf8 45. g5 a4 46. Rh8+ Kg7 47. Ra8 Qb3 48. h4 Qxd3 49. Ng3 a3 50. h5 Qb3 51. Ra7+ Kg8 52. g6 a2 53. h6 Qd5+ 54. Kh2 d3 55. h7+ Kh8 56. Nf5 Qe5+ 57. Kg2 Qd5+ 58. f3 d2 59. Re7 Qxf3+ 0-1

[Event "*** Titled Tuesday Blitz"]
[Site "Chess.com"]
[Date "2021.02.09"]
[Round "9"]
[White "Joseacorrea"]
[Black "KingCyber19"]
[Result "0-1"]
[WhiteElo "2019"]
[BlackElo "2549"]
[TimeControl "180+1"]
[EndTime "11:46:05 PST"]
[Termination "KingCyber19 won by resignation"]

1. c4 c6 2. Nc3 d5 3. cxd5 cxd5 4. d4 Nf6 5. Nf3 Nc6 6. Bg5 Ne4 7. Bf4 e6 8. a3 Nxc3 9. bxc3 Bd6 10. Bg3 O-O 11. e3 Na5 12. Bd3 h6 13. Ne5 b6 14. O-O Bb7 15.
Rc1 Rc8 16. a4 Bxe5 17. Bxe5 Nc4 18. Bxc4 Rxc4 19. Qg4 Qg5 20. Qxg5 hxg5 21. a5 bxa5 22.
Ra1 a4 23. Ra3 Rfc8 24. h3 Bc6 25. Bd6 Bb5 26. Bc5 R4xc5 27. dxc5 Bxf1 28. Kxf1 Rxc5 29. Rxa4 Rxc3 30. Rxa7 f6 31. Re7 e5 32. Rd7 Rc5 33.
Ke2 Kh7 34. Kf3 Kg6 35. g4 Rb5 36. Kg3 Kh6 37. Rd8 g6 38. Rd6 Kg7 39. Rd7+ Kf8 40.
Kf3 Ke8 41. Rg7 Rb6 42. Rxg6 Kf7 43. Rh6 Kg7 44. Rh5 Rb3 45. h4 gxh4 46. Rxh4 d4 47. Ke4 dxe3 48. fxe3 Kg6 49. Rh5 Rb4+ 50. Kf3 Rb1 51. Rf5 Rf1+ 52. Ke4 Rxf5 53. gxf5+ Kg5 54. Kf3 Kxf5 55. e4+ Ke6 56. Kg4 Kf7 57. Kf3 Kg6 58. Kg4 Kh6 59. Kf5 Kg7 60. Kg4 Kg6 61. Kg3 Kg5 62. Kf3 Kh4 63. Kf2 Kg4 64. Ke3 Kg3 65.
Ke2 Kf4 66. Kd3 Kf3 67. Kd2 Kxe4 68. Ke1 f5 0-1

[Event "*** Titled Tuesday Blitz"]
[Site "Chess.com"]
[Date "2021.02.09"]
[Round "9"]
[White "SkippingLaptop"]
[Black "SKLGgonkom"]
[Result "0-1"]
[WhiteElo "2092"]
[BlackElo "2359"]
[TimeControl "180+1"]
[EndTime "11:46:06 PST"]
[Termination "SKLGgonkom won on time"]

1. d4 Nf6 2. c4 e6 3. Nc3 Bb4 4. Qc2 b6 5. Nf3 Bb7 6. Bg5 h6 7. Bxf6 Qxf6 8. e3 Bxf3 9. gxf3 Qxf3 10. Rg1 Qf6 11. Bg2 c6 12. O-O-O Bxc3 13. Qxc3 O-O 14. f4 d5 15. Bf1 Nd7 16. Bd3 Rfc8 17. Bb1 c5 18. Qd3 Nf8 19. Rd2 cxd4 20. Rdg2 Rxc4+ 21. Bc2 Rac8 22. e4 dxe4 23. Qxe4 g6 24. Kb1 d3 25.
Qxd3 Rxf4 26. a3 Rf2 27. Rxf2 Qxf2 28. Rf1 Qxh2 29. Bb3 Qc7 30. Qf3 Qe7 31. Qf4 h5 32. Bc2 Rc5 33. Qh6 Qg5 34. Qxg5 Rxg5 35. Bd3 Rc5 36. b4 Rc7 37. Bb5 Kg7 38. Kb2 Nh7 39. Be8 Nf6 40. Bb5 Nd5 41. Bd3 f5 42. Re1 Kf6 43.
Bb5 g5 44. Be8 h4 45. Bh5 g4 46. Rh1 h3 47. Be8 e5 48. Bb5 e4 49. Bf1 Ke5 50. Bxh3 gxh3 51. Rxh3 Rg7 52. Rh8 Kd4 53. Re8 f4 54.
Rc8 f3 55. Kb3 e3 56. Rc4+ Kd3 57. Rc8 Rd7 58. Rd8 Rxd8 0-1

[Event "*** Titled Tuesday Blitz"]
[Site "Chess.com"]
[Date "2021.02.09"]
[Round "9"]
[White "Lion-Al-Messi"]
[Black "Mbneu"]
[Result "1-0"]
[WhiteElo "2521"]
[BlackElo "2287"]
[TimeControl "180+1"]
[EndTime "11:46:06 PST"]
[Termination "Lion-Al-Messi won on time"]

1. e4 c5 2. Nf3 Nf6 3. e5 Nd5 4.
Nc3 Nxc3 5. dxc3 e6 6. Bg5 Qb6 7. Bd3 Qxb2 8. O-O Qb6 9. Rb1 Qc7 10. Qe2 Nc6 11. Bf4 Be7 12. Ng5 Bxg5 13. Bxg5 Qxe5 14. Qg4 h6 15. Bf4 Qf6 16. Bd6 e5 17. Rfd1 Qxd6 18. Qxg7 Qf8 19. Qf6 Rg8 20. Be4 Qg7 21. Qd6 Qf8 22.
Qf6 Qe7 23. Qxh6 f6 24. Bd5 Rf8 25. Qh5+ Kd8 26. Qf3 Kc7 27. h4 d6 28. h5 Bd7 29.
c4 Rab8 30. Qa3 a6 31. Qb3 f5 32. Qb6+ Kc8 33. h6 e4 34. h7 Qxh7 35. Bxc6 Bxc6 36.
Rxd6 Qc7 37. Qxc5 Bd7 38. Qd4 Rd8 39. Rd1 b6 40. Qd5 Rb7 41. a4 Qc5 42. Qf7 Rc7 43. a5 bxa5 44. Rxa6 Kb7 45. Rad6 Kc8 46. R6d5 Qxc4 47.
Qe7 Qxc2 48. g3 e3 49. Qxe3 Qc6 50. Qd3 Kb8 51. Rb1+ Rb7 52. Rd1 Ka7 53. Rd6 Qb5 54. Qd4+ Ka8 55. Rd5 Qb6 56. Qd2 Qc6 57. Rxa5+ Ra7 58.
Rxa7+ Kxa7 59. Qa5+ Kb7 60. Qxd8 Be6 61. Qe7+ Ka6 62.
Ra1+ Kb5 63. Rb1+ Ka6 64. Qa3+ 1-0

[Event "*** Titled Tuesday Blitz"]
[Site "Chess.com"]
[Date "2021.02.09"]
[Round "9"]
[White "Loy_Konstantin"]
[Black "Maksimus1998"]
[Result "1/2-1/2"]
[WhiteElo "2385"]
[BlackElo "2494"]
[TimeControl "180+1"]
[EndTime "11:46:07 PST"]
[Termination "Game drawn - insufficient material"]

1. e4 c5 2. Nf3 d6 3. d4 cxd4 4. Qxd4 Nf6 5. e5 dxe5 6. Qxd8+ Kxd8 7. Nxe5 Be6 8. Be2 Nfd7 9. Nd3 f6 10. Bf3 Nc6 11. Nc3 Bf5 12. Be3 Bxd3 13. cxd3 e5 14. Bxc6 bxc6 15. Ke2 Rb8 16. b3 Bc5 17. Rac1 Bxe3 18.
Kxe3 Ke7 19. Ne4 Rb6 20. Rc2 f5 21. Nc5 Nf6 22. Na4 Nd5+ 23. Ke2 Ra6 24. g3 Rd8 25. Rc4 Rd6 26. Rhc1 g5 27. h4 gxh4 28. Rxh4 h6 29. Rch1 c5 30. Rc1 Nb4 31. Rxc5 Nxd3 32. Rc7+ Ke8 33. Rhc4 e4 34. Rh7 Rac6 35. Rxc6 Rxc6 36.
Ke3 Rc2 37. f3 exf3 38. Kxf3 Rxa2 39. Rxa7 Ra3 40. Ke3 Rxb3 41. Kd4 Ne1 42. Ke5 Rxg3 43. Kf6 f4 44. Nc5 Kd8 45. Rd7+ Kc8 46. Re7 Ng2 47. Ne4 Rd3 48. Ke5 f3 49. Rf7 Ne1 50. Nd6+ Kb8 51. Nb5 Rb3 52. Nd4 Re3+ 53. Kd5 Rd3 54.
Ke4 h5 55. Nxf3 Rd1 56. Nxe1 Rxe1+ 57. Kd3 h4 58. Rh7 Rh1 59. Ke3 h3 60. Kf2 h2 61.
Kg2 Re1 62. Rxh2 Re2+ 63. Kg3 Rxh2 64. Kxh2 1/2-1/2

[Event "*** Titled Tuesday Blitz"]
[Site "Chess.com"]
[Date "2021.02.09"]
[Round "9"]
[White "goldihouse"]
[Black "GadimbayliA"]
[Result "0-1"]
[WhiteElo "2544"]
[BlackElo "2835"]
[TimeControl "180+1"]
[EndTime "11:46:09 PST"]
[Termination "GadimbayliA won on time"]

1. c4 Nf6 2. g3 d5 3. Bg2 dxc4 4. Qa4+ c6 5. Qxc4 g6 6. b3 Bg7 7. Bb2 O-O 8. Nf3 Be6 9. Qc2 Nbd7 10. O-O h6 11. d3 Nb6 12. Nbd2 Nbd5 13. a3 Nb6 14.
Rfd1 a5 15. Rab1 a4 16. b4 Nh5 17. Rdc1 Bxb2 18. Qxb2 Ng7 19. Ne4 Qb8 20. Nc5 Rd8 21. Qd2 Kh7 22. Qb2 Nd7 23. Ne4 Bd5 24. Nc3 Bxf3 25. Bxf3 Nb6 26. Ne4 Nf5 27. Bg2 Nd4 28.
Nc5 Nb5 29. Qa2 e6 30. Qb2 Nd7 31. Ne4 Qe5 32. Qa2 f5 33. Nc5 Nc3 34. Rxc3 Qxc3 35. Nxe6 Rg8 36. Nf4 Rg7 37. Qe6 Nf8 38. Qa2 Re8 39. h4 Rge7 40. Bf3 Ne6 41. Nxe6 Rxe6 42. Rb2 g5 43. hxg5 hxg5 44. g4 fxg4 45. Bxg4 Rf6 46.
Rb1 Qd4 47. Bf3 g4 48. e3 Qe5 49. Be4+ Kg7 50. Kg2 Ref8 51. Rf1 Rh6 52. Qa1 Rh2+ 53. Kg1 Qxa1 54. Rxa1 Rhxf2 55. b5 cxb5 56. Rb1 Ra2 57.
Rxb5 Rc8 58. Rxb7+ Kf6 59. Rb6+ Kg5 60. Rb5+ Kh4 61.
Rb1 Rxa3 62. Rb2 Rb3 63. Rh2+ Kg5 64. Bd5 Rc1+ 65. Kf2 Rb2+ 66. Kg3 Rg1+ 67. Rg2 Rbxg2+ 68. Bxg2 a3 69. Kf2 Rxg2+ 70. Kxg2 a2 0-1

[Event "*** Titled Tuesday Blitz"]
[Site "Chess.com"]
[Date "2021.02.09"]
[Round "9"]
[White "Pintacara"]
[Black "MartinMatthiesen"]
[Result "1-0"]
[WhiteElo "2511"]
[BlackElo "2387"]
[TimeControl "180+1"]
[EndTime "11:46:10 PST"]
[Termination "Pintacara won by checkmate"]

1. d4 Nf6 2. Bg5 d5 3. Bxf6 exf6 4. e3 Bd6 5. c4 dxc4 6. Bxc4 O-O 7. Nc3 Nd7 8. Nf3 f5 9. O-O Nf6 10. Qc2 c6 11. a4 a5 12. Rfd1 Qe7 13. h3 Bd7 14.
Rac1 Rad8 15. Bd3 g6 16. Bc4 Kg7 17. Re1 Rfe8 18. Rcd1 Bb4 19. Ne5 Bc8 20. Bxf7 Rf8 21. Bc4 Be6 22. Qb3 Bxc4 23. Qxc4 Nd5 24. Re2 Bxc3 25.
bxc3 Qa3 26. Rc2 Nb6 27. Qa2 Qe7 28. Rb1 Nd5 29. Qc4 Rb8 30. Rcb2 Qc7 31. Nd3 b6 32. Ne5 Rbc8 33. Qd3 Rfe8 34. f3 Rxe5 35. dxe5 Qxe5 36. e4 fxe4 37. fxe4 Nf6 38. Rxb6 Re8 39. Rb7+ Kh6 40.
Qe3+ g5 41. h4 Rg8 42. R1b6 Qxe4 43. Qxe4 Nxe4 44. Rxc6+ Kh5 45. Rxh7+ Kg4 46. Rc4 Kf5 47. Rf7+ Ke6 48. Ra7 Nd6 49. Rc6 Kd5 50. Rca6 Nc4 51. h5 g4 52. g3 Ke4 53. h6 Kf3 54. Rf7+ Kxg3 55. h7 Rd8 56. Raf6 Ne3 57. c4 Rd1+ 58. Rf1 Nxf1 59. Rxf1 Rd8 60. c5 Rh8 61. Rf7 Rd8 62. Kf1 Kh2 63. c6 g3 64. Rg7 Rc8 65. c7 Rxc7 66.
h8=Q# 1-0

[Event "*** Titled Tuesday Blitz"]
[Site "Chess.com"]
[Date "2021.02.09"]
[Round "9"]
[White "ErikRonka"]
[Black "Akhayan"]
[Result "1-0"]
[WhiteElo "2455"]
[BlackElo "2306"]
[TimeControl "180+1"]
[EndTime "11:46:11 PST"]
[Termination "ErikRonka won by resignation"]

1. e4 e6 2. d4 d5 3. exd5 exd5 4. Nf3 Nf6 5. Bd3 Bd6 6. Qe2+ Qe7 7. Qxe7+ Bxe7 8.
O-O O-O 9. Re1 Bd6 10. Bg5 Nbd7 11. Nc3 c6 12. Ne5 h6 13. Nxd7 Bxd7 14. Bxf6 gxf6 15.
Re2 Rae8 16. Rae1 Rxe2 17. Nxe2 Re8 18. c3 Bg4 19. f3 Bh5 20. Kf2 Bg6 21. Rd1 Kg7 22.
g3 h5 23. f4 Be4 24. Bxe4 Rxe4 25. h4 f5 26. b4 a6 27. Kf3 Kf6 28. Nc1 Re8 29.
Nb3 Re7 30. Kf2 Re8 31. Na5 Re7 32. Rb1 Bb8 33. a4 Ba7 34. b5 axb5 35. axb5 Bb6 36.
bxc6 Bxa5 37. cxb7 Bc7 38. b8=Q Bxb8 39. Rxb8 Rc7 40.
Rb6+ Ke7 41. Rb3 Ra7 42. Kf3 Ra1 43. Ke3 Re1+ 44. Kf2 Rc1 45. Ra3 Rc2+ 46. Kf3 Rc1 47. Ke2 Rc2+ 48. Kf3 Rc1 49. Kg2 Rc2+ 50. Kh3 Ke6 51.
Ra6+ Ke7 52. Ra5 Ke6 53. Ra6+ Ke7 54. Rh6 Rxc3 55. Rxh5 Rd3 56. Rxf5 Rxd4 57. Re5+ Kd6 58. Kg4 Rd3 59. Re1 Rd2 60. Rh1 Re2 61. h5 Re8 62.
Kg5 Rg8+ 63. Kf6 d4 64. h6 d3 65. h7 Rh8 66. Kxf7 d2 67. Kg7 Rxh7+ 68. Kxh7 1-0

[Event "*** Titled Tuesday Blitz"]
[Site "Chess.com"]
[Date "2021.02.09"]
[Round "9"]
[White "KeithArkell"]
[Black "UCantHandleDenker"]
[Result "1-0"]
[WhiteElo "2521"]
[BlackElo "2608"]
[TimeControl "180+1"]
[EndTime "11:46:13 PST"]
[Termination "KeithArkell won by checkmate"]

1. d4 Nf6 2. Nf3 g6 3. c4 Bg7 4. g3 c5 5. Nc3 cxd4 6. Nxd4 O-O 7.
Bg2 Nc6 8. O-O d6 9. Nc2 Bd7 10. h3 a6 11. Be3 Rb8 12. Nd4 Qa5 13. Qd2 Rfc8 14. b3 Qh5 15. g4 Bxg4 16. Nxc6 bxc6 17. hxg4 Nxg4 18. Bf4 Be5 19. f3 Bxf4 20. Qxf4 Qc5+ 21. Kh1 Qh5+ 22. Kg1 Qc5+ 23. e3 Nxe3 24. Rf2 Nf5 25. Re1 Qa5 26. Qd2 Kg7 27. Bh3 e6 28. Ne4 Qxd2 29.
Rxd2 d5 30. Bxf5 gxf5 31. Nc5 a5 32. f4 Rb4 33. Rc1 Kf6 34. Kf2 Ke7 35. Nd3 Rbb8 36.
cxd5 cxd5 37. Rdc2 Rxc2+ 38. Rxc2 Kd6 39. Rc5 Ra8 40.
Rb5 Kc6 41. a4 f6 42. Ke3 h5 43. Rc5+ Kd6 44. Rc2 h4 45. Rh2 Rb8 46. Nc1 Rh8 47.
Ne2 Rb8 48. Nd4 Rh8 49. Nf3 e5 50. Rxh4 Rb8 51. Nd2 Ke6 52. Rh6 d4+ 53. Kd3 Kd5 54.
Rxf6 e4+ 55. Kc2 Rc8+ 56. Kb2 Rh8 57. Rxf5+ Ke6 58. Re5+ Kd6 59. Nxe4+ Kc6 60. Rxa5 Rh2+ 61. Kc1 d3 62. Nd2 Rh1+ 63. Kb2 Rh2 64. Kc3 Rh3 65.
Re5 Kb6 66. f5 Ka6 67. Rd5 Rh6 68. Rxd3 Ka5 69. Nc4+ Ka6 70. Rd6+ Rxd6 71. Nxd6 Ka5 72.
f6 Kb6 73. f7 Ka5 74. f8=Q Kb6 75. Qc8 Ka5 76. Qc5+ Ka6 77. Qb5+ Ka7 78. Qb7# 1-0

[Event "*** Titled Tuesday Blitz"]
[Site "Chess.com"]
[Date "2021.02.09"]
[Round "9"]
[White "ybruned"]
[Black "noblerone"]
[Result "1-0"]
[WhiteElo "2303"]
[BlackElo "2399"]
[TimeControl "180+1"]
[EndTime "11:46:13 PST"]
[Termination "ybruned won by checkmate"]

1. b3 d5 2. Bb2 Nf6 3. e3 Bg4 4. Nf3 Nbd7 5. Be2 e6 6. O-O Bd6 7.
d4 c6 8. Nbd2 O-O 9. c4 a5 10.
h3 Bh5 11. Ne5 Bxe2 12. Qxe2 Bc7 13. f4 Qe7 14. a4 Bd6 15. Nxd7 Qxd7 16. e4 dxe4 17.
Nxe4 Be7 18. Rad1 Nxe4 19. Qxe4 Bf6 20. f5 Rfe8 21. fxe6 Rxe6 22. Qf3 Rae8 23. d5 Rd6 24. Bxf6 Rxf6 25. Qd3 cxd5 26. Rxf6 gxf6 27. cxd5 Rd8 28.
d6 Qe6 29. Qd4 Kg7 30. Qb6 Rd7 31. Qd4 h6 32. Rd3 Kh7 33. Rd1 Qe5 34. Qd3+ f5 35. Kh1 Kg6 36. Qd2 h5 37. Qd4 Qxd4 38. Rxd4 Kf6 39. Rd5 b6 40. Kh2 Ke6 41. Rb5 Rxd6 42. Kg3 f6 43. Kh4 Rd4+ 44. Kxh5 Rd2 45. g4 fxg4 46. hxg4 Rd6 47. Kg6 Kd7 48. Kf7 Kc6 49. Rf5 Kc7 50. Rb5 Rd3 51. Kxf6 Rf3+ 52. Kg5 Kc6 53.
Kg6 Rg3 54. g5 Rg4 55. Kf6 Rf4+ 56. Rf5 Rb4 57. Rb5 Rf4+ 58. Kg6 Rg4 59. Kh6 Rg2 60.
g6 Rh2+ 61. Rh5 Kc7 62. g7 Rg2 63. Rg5 Rh2+ 64. Kg6 Rd2 65. g8=Q Rd6+ 66. Kh5 Rd7 67. Rg7 Kc6 68. Rxd7 Kc5 69. Qc4# 1-0